Map: Lost and Found LE

Players

Seto - Winner!

  • Race: Zerg Zerg
  • Spawn Location: 1:00

해병

  • Race: Zerg Zerg
  • League: Diamond
  • Spawn Location: 7:00

VOD

Have the link to the VOD?

Description

Time

  • Played on: June 23, 2018, 3:37 p.m.
  • Length: 6:12
Show
View Real Time Build Order
Export as new Build Order

Seto Zerg - Winner!

Build Orders: Hatch First, Zergling Baneling 

Get SALT Encoding   

  12  0:01  Drone  
  13  0:13  Overlord  
  13  0:20  Drone  
  14  0:32  Drone x2  
  16  0:40  Drone  
  17  0:53  Hatchery  
  16  0:58  Drone  
  16  0:59  Drone  
  16  1:01  Extractor  
  17  1:15  Spawning Pool  
  16  1:19  Drone  
  16  1:24  Drone  
  18  1:29  Drone  
  19  1:40  Overlord  
  19  1:52  Drone  
  20  2:02  Metabolic Boost  
  20  2:04  Queen  
  20  2:05  Queen  
  24  2:17  Zergling x4  
  26  2:23  Baneling Nest  
  26  2:26  Zergling x2  
  26  2:27  Zergling x2  
  26  2:29  Zergling x2  
  28  2:33  Zergling x2  
  28  2:36  Zergling x2  
  30  2:45  Queen  
  30  2:49  Zergling x2  
  33  2:57  Zergling x4  
  33  2:58  Zergling x2  
  36  3:06  Baneling  
  36  3:07  Baneling x4  
  36  3:13  Spine Crawler  
  35  3:23  Baneling  
  33  3:43  Zergling x2  
  33  3:44  Zergling x6  
  35  3:51  Overlord x3  
  34  4:01  Overlord  
  34  4:02  Zergling x2  
  35  4:11  Zergling x6  
  35  4:16  Baneling x4  
  38  4:22  Zergling x2  
  39  4:30  Zergling x6  
  32  4:43  Zergling x8  
  35  4:50  Baneling  
  35  4:51  Baneling x3  
  34  4:54  Zergling x2  
  35  5:03  Zergling x4  
  35  5:21  Baneling x2  
  35  5:22  Baneling  
  35  5:25  Baneling  
  35  5:26  Baneling x2  
  35  5:29  Zergling x2  
  35  5:30  Zergling x8  
  40  5:35  Baneling  
Show
View Real Time Build Order
Export as new Build Order

해병 Zerg 

Build Orders: Hatch First, Zergling Baneling 

Get SALT Encoding   

  12  0:01  Drone  
  13  0:08  Drone  
  14  0:16  Overlord  
  14  0:34  Drone x3  
  17  0:54  Hatchery, Drone  
  17  1:00  Drone  
  18  1:08  Extractor  
  18  1:09  Drone  
  18  1:16  Spawning Pool  
  18  1:18  Drone  
  18  1:33  Overlord  
  18  2:02  Zergling x2  
  18  2:03  Zergling x4  
  18  2:04  Queen  
  18  2:05  Queen  
  18  2:06  Zergling x2  
  26  2:10  Metabolic Boost  
  26  2:16  Zergling x4  
  28  2:24  Zergling x2  
  28  2:28  Zergling x2  
  30  2:33  Baneling Nest  
  30  2:35  Zergling x2  
  30  2:38  Zergling x2  
  31  2:47  Zergling x2  
  33  2:51  Zergling x2  
  33  2:57  Zergling x2  
  34  3:01  Zergling x2  
  35  3:07  Zergling x2  
  36  3:13  Overlord  
  36  3:16  Baneling  
  36  3:17  Baneling x4  
  33  3:47  Zergling x4  
  33  3:48  Zergling x8  
  32  3:50  Zergling x4  
  32  3:51  Zergling x4  
  32  3:52  Zergling x2  
  32  3:59  Zergling x4  
  32  4:01  Zergling x2  
  35  4:08  Baneling x3  
  35  4:09  Baneling x2  
  34  4:27  Zergling x4  
  34  4:28  Zergling x4  
  34  4:30  Zergling x2  
  38  4:32  Zergling x2  
  29  4:39  Zergling x4  
  29  4:48  Baneling x2  
  29  4:49  Baneling, Zergling x2  
  30  4:53  Zergling x2  
  31  5:03  Zergling x2  
  31  5:04  Zergling x4  
  31  5:21  Zergling x2  
  31  5:22  Baneling x3  
  31  5:26  Baneling, Zergling x4  
  31  5:27  Zergling x2  
  34  5:40  Zergling x8  
  38  5:47  Zergling x2  
  39  5:53  Zergling x4  
Tags
 
Add a new tag
Caveats
  • Supply blocks, unpowered buildings, or Contaminate may cause inaccurate times.
  • Supply counts are checked every 10 seconds.